 Dungeon Crawl Stone Soup version 0.31-a0-819-gf6de2f5ab6 (webtiles) character file.

Game seed: 15081211841330022177

158 qw the Shooter (level 5, -2/32 HPs)
             Began as a Gargoyle Hunter on Sept 23, 2023.
             Killed from afar by an orc wizard (8 damage)
             ... with a puff of flame
             ... on level 3 of the Dungeon.
             The game lasted 00:00:48 (1857 turns).

qw the Shooter (Gargoyle Hunter)                    Turns: 1857, Time: 00:00:48

Health: -2/32      AC:  9    Str: 14    XL:     5   Next: 40%
Magic:  5/5        EV: 11    Int: 10    God:
Gold:   172        SH:  0    Dex: 21    Spells: 4/4 levels left

rFire   . . .        Y - +0 shortbow
rCold   + . .        (shield currently unavailable)
rNeg    + . .        a - +0 ring mail
rPois   inf          (no helmet)
rElec   +            (no cloak)
rCorr   .            (no gloves)
SInv    .            (no boots)
Will    .....        (no amulet)
Stlth   +            g - +6 ring of dexterity
HPRegen 0.25/turn    h - ring of protection from cold
MPRegen 0.09/turn

%: no passive effects
@: no status effects
A: sickness immunity, AC +4, negative energy resistance 1, electricity
resistance, torment resistance 1, petrification resistance
a: no special abilities


You were on level 3 of the Dungeon.
You visited 1 branch of the dungeon, and saw 3 of its levels.

You collected 172 gold pieces.


Innate Abilities, Weirdness & Mutations

You are immune to sickness and miasma.
Your stone body is resilient. (AC +4)
You are immune to poison.
You resist negative energy. (rN+)
You are resistant to electric shocks. (rElec)
You are resistant to unholy torment.
You are immune to petrification.


   Skills:
 - Level 3.5 Fighting
 + Level 5.8 Ranged Weapons
 - Level 1.0 Armour
 - Level 1.5 Dodging
 - Level 1.1 Stealth


You had 4 spell levels left.
You didn't know any spells.
Your spell library was empty.

Inventory:

Hand Weapons
 Y - a +0 shortbow (weapon)
Armour
 a - a +0 ring mail (worn)
Jewellery
 g - a +6 ring of dexterity (left hand)
 h - a ring of protection from cold (right hand)
Scrolls
 b - a scroll of identify
 c - a scroll of immolation {unknown}
Potions
 d - a potion of cancellation {unknown}
 f - a potion of invisibility {unknown}

Dungeon Overview and Level Annotations

Branches:
Dungeon (3/15)

Altars:

Annotations:
D:3 Terence


Message History

Terence is moderately wounded.
Terence hits you but does no damage. Something hits you but does no damage.
You shoot an arrow.
The arrow hits Terence but does no damage.
Terence is moderately wounded.
Something hits you but does no damage. Terence hits you with a +0 hand axe.
You shoot an arrow. The arrow closely misses Terence.
The arrow misses the kobold.
The arrow closely misses the orc.
Terence hits you but does no damage. The orc barely misses you.
Something hits you but does no damage. Something hits you.
Terence hits you but does no damage. The orc hits you but does no damage.
You shoot an arrow. The arrow barely misses Terence.
The arrow closely misses the kobold.
The arrow hits the orc!
You kill the orc!
Something hits you. The orc hits you but does no damage.
Terence barely misses you.
You shoot an arrow. The arrow hits Terence.
Terence is severely wounded.
You hear some strange, mumbled words.
You are confused.
Terence hits you with a +0 hand axe. The orc hits you but does no damage.
The orc hits you with a +0 hand axe. Something hits you.
Terence bares his teeth.
Terence completely misses you. The orc misses you.
Something hits you but does no damage. Terence hits you but does no damage.
The orc closely misses you. Something hits you but does no damage.
Terence closely misses you. The orc hits you but does no damage.
Something hits you but does no damage. Terence barely misses you.
The orc barely misses you. Something completely misses you.
Terence hits you with a +0 hand axe. The orc barely misses you.
Something hits you. Terence hits you but does no damage.
You feel less confused. The orc misses you.
You hear some strange, mumbled words.
A puff of flame appears from out of thin air!
The puff of flame hits you!
You die...

..###~~~~~~###.... #.#
##~~~~### ...# ..#
######.# ## ### #...#
## #...# .. #...# .#
####### #...# .# #
.%....#
##.######{##..).
#####.# ##.#
#..@@K)...#
#####)###..#
#.##o##....
##...)...#.###.##.....
#
##.##.###.........##.#
##.##.# ####.......[.#
......# #............
##.#### #.###.......#
#.# #. ####.##.# #.# #
... #


You could see Terence, an orc and a kobold.

Vanquished Creatures
  Jessica (D:2)
  Ijyb (D:3)
  An orc wizard (D:3)
  4 adders
  2 worms
  2 dart slugs (D:1)
  4 orcs (D:3)
  5 endoplasms
  A giant cockroach (D:1)
  4 goblins
  6 hobgoblins
  4 ball pythons
  8 bats
  2 frilled lizards
  9 kobolds
  4 rats
58 creatures vanquished.

Notes
Turn   | Place    | Note
-------+----------+-------------------------------------------
     0 | D:1      | qw the Gargoyle Hunter began the quest for the Orb.
     0 | D:1      | Reached XP level 1. HP: 12/12 MP: 1/1
     0 | D:1      | 0 ||| qw: Version: 0.3-a-83-gcd0e7d8
     0 | D:1      | 0 ||| qw: Game counter: 1623
     0 | D:1      | 0 ||| qw: Melee chars always use a shield: true
     0 | D:1      | 0 ||| qw: God list: Okawaru
     0 | D:1      | 0 ||| qw: Allow faded altars: false
     0 | D:1      | 0 ||| qw: Do Orc after clearing Dungeon:15 true
     0 | D:1      | 0 ||| qw: Do second Lair branch before Depths: true
     0 | D:1      | 0 ||| qw: Lair rune preference: random
     0 | D:1      | 0 ||| qw: Goals: Normal
     0 | D:1      | 0 ||| PLANNING D:1-11
   311 | D:1      | Reached XP level 2. HP: 16/17 MP: 2/2
   653 | D:1      | Reached XP level 3. HP: 21/21 MP: 3/3
   741 | D:1      | Reached skill level 5 in Ranged Weapons
  1032 | D:1      | 1032 ||| UPGRADING to +6 ring of dexterity.
  1033 | D:1      | 1033 ||| UPGRADING to ring of protection from cold.
  1034 | D:1      | 1034 ||| READING scroll labelled BUYPSU JIWKOFE.
  1035 | D:1      | 1035 ||| DRINKING 2 amethyst potions.
  1036 | D:1      | 1036 ||| DROPPING scroll of butterflies.
  1037 | D:1      | 1037 ||| DROPPING potion of attraction.
  1331 | D:2      | Noticed Jessica
  1334 | D:2      | Killed Jessica
  1335 | D:2      | Reached skill level 3 in Fighting
  1335 | D:2      | Reached XP level 4. HP: 23/28 MP: 4/4
  1495 | D:2      | 1495 ||| UPGRADING to +0 ring mail.
  1505 | D:2      | 1505 ||| DROPPING +0 leather armour.
  1506 | D:2      | 1506 ||| READING 2 scrolls labelled ORUHILITHREQO.
  1507 | D:2      | 1507 ||| DRINKING 2 fizzy cyan potions.
  1602 | D:3      | Reached skill level 1 in Armour
  1614 | D:3      | Reached XP level 5. HP: 27/32 MP: 5/5
  1698 | D:3      | Noticed Ijyb
  1700 | D:3      | 1700 ||| DRINKING potion of curing.
  1700 | D:3      | 1700 ||| (to cure confusion)
  1701 | D:3      | 1701 ||| FLEEEEING.
  1702 | D:3      | 1702 ||| FLEEEEING.
  1703 | D:3      | 1703 ||| FLEEEEING.
  1704 | D:3      | 1704 ||| FLEEEEING.
  1705 | D:3      | 1705 ||| FLEEEEING.
  1706 | D:3      | 1706 ||| FLEEEEING.
  1707 | D:3      | 1707 ||| FLEEEEING.
  1731 | D:3      | Killed Ijyb
  1839 | D:3      | Noticed Terence
  1851 | D:3      | HP: 8/32 [orc/+0 hand axe (5)]
  1856 | D:3      | HP: 5/32 [something (1)]
  1857 | D:3      | Killed from afar by an orc wizard

Levels and vault maps discovered:
D:1:      dpeg_arrival_circle_labyrinth_c, layout_basic,
          chequers_serial_rivers_small_b
D:2:      layout_basic, uniq_jessica
D:3:      cheibrodos_helix_gallery, layout_loops_cross,
          nicolae_vehumet_radiance, kennysheep_generic_room_10, uniq_ijyb,
          uniq_terence

Skill      XL: |  1  2  3  4 |
---------------+-------------+-----
Ranged Weapons | 5 |  5.8
Fighting       | 3 |  3.5
Armour         | 1 |  1.0
Dodging        | |  1.5
Stealth        | |  1.1

Action                     |  1- 3 |  4- 6 || total
---------------------------+-------+-------++-------
   Fire: Shortbow          |   111 |    84 ||   195
    Use: Potion            |     1 |     2 ||     3
         Scroll            |     1 |     1 ||     2
 Armour: Leather armour    |    34 |    14 ||    48
         Ring mail         |       |    54 ||    54
  Dodge: Dodged            |    24 |    42 ||    66

Table legend:
 A = Non-vault XP
 B = Vault XP
 C = Vault XP percentage of total XP
 D = Non-vault monster count
 E = Vault monster count
 F = Vault count percentage of total count
                 A         B        C        D         E       F
            +---------+---------+-------+---------+---------+-------
      Total |     137 |      90 |  39.6 |      54 |       4 |   6.9
            +---------+---------+-------+---------+---------+-------
        D:1 |      46 |       0 |   0.0 |      28 |       0 |   0.0
        D:2 |      42 |      37 |  46.8 |      10 |       1 |   9.1
        D:3 |      49 |      53 |  52.0 |      16 |       3 |  15.8
            +---------+---------+-------+---------+---------+-------
